 Dungeon Crawl Stone Soup version 0.23.0-3-gf3c87f2 (webtiles) character file.

Game seed: 10137220765926429132

13 mathosse the Magician (level 2, -5/15 HPs)
             Began as a Deep Elf Wizard on Feb 21, 2019.
             Killed from afar by a dart slug (6 damage)
             ... with a slug dart
             ... on level 1 of the Dungeon.
             The game lasted 00:11:33 (306 turns).

mathosse the Magician (Deep Elf Wizard)              Turns: 306, Time: 00:11:34

Health: -5/15      AC:  3    Str: 11    XL:     2   Next: 24%
Magic:  7/10       EV: 13    Int: 22    God:
Gold:   34         SH:  0    Dex: 13    Spells: 10/11 levels left

rFire    . . .     SeeInvis .   e - +0 dagger
rCold    . . .     Gourm    .   (no shield)
rNeg     . . .     Faith    .   a - +0 robe
rPois    .         Spirit   .   h - +0 helmet
rElec    .         Reflect  .   (no cloak)
rCorr    .         Harm     .   (no gloves)
MR       +....                  (no boots)
Stlth    ++........             (no amulet)
HPRegen  0.05/turn              (no ring)
MPRegen  0.12/turn              (no ring)

@: mighty, very slightly contaminated
A: magic resistance 1, strong 1
a: no special abilities


You were on level 1 of the Dungeon.
You were not hungry.

You visited 1 branch of the dungeon, and saw 1 of its levels.

You collected 34 gold pieces.

Inventory:

Hand Weapons
 e - a +0 dagger (weapon)
Armour
 a - a +0 robe (worn)
 b - a +0 hat
 h - a +0 helmet (worn)
Scrolls
 c - a scroll of magic mapping {unknown}
Comestibles
 d - 2 rations
 f - 4 chunks of flesh


   Skills:
 * Level 2.6 Dodging
 * Level 2.6 Stealth
 + Level 5.0 Spellcasting
 * Level 1.3 Conjurations
   Level 1.1 Summonings
   Level 1.1 Translocations


You had 10 spell levels left.
You knew the following spells:

 Your Spells              Type           Power        Failure   Level  Hunger
a - Magic Dart            Conj           ##..         6%          1    None

Your spell library contained the following spells:

 Spells                   Type           Power        Failure   Level  Hunger
 Blink                    Tloc           N/A          10%         2    None
 Call Imp                 Summ           ##......     10%         2    None
 Slow                     Hex            #.......     16%         2    None
 Conjure Flame            Conj/Fire      #.......     24%         3    ##.....
 Mephitic Cloud           Conj/Pois/Air  #.......     26%         3    ##.....


Dungeon Overview and Level Annotations

Branches:
Dungeon (1/15)

Altars:


Innate Abilities, Weirdness & Mutations

You are resistant to hostile enchantments. (MR+)
Your muscles are strong. (Str +2)


Message History

Casting: Magic Dart (safe; 6% risk of failure)
Confirm with . or Enter, or press ? or * to list all spells.
Aiming: Magic Dart (safe; 6% risk of failure)
Press: ? - help, Shift-Dir - straight line, f/p - hobgoblin
Aim: a hobgoblin, wielding a +0 club (heavily wounded)
The magic dart hits the hobgoblin.
You kill the hobgoblin!
The kobold hits you.
* * * LOW HITPOINT WARNING * * *
Casting: Magic Dart (safe; 6% risk of failure)
Confirm with . or Enter, or press ? or * to list all spells.
Aiming: Magic Dart (safe; 6% risk of failure)
Press: ? - help, Shift-Dir - straight line, f - kobold
Aim: a kobold The magic dart hits the kobold.
You kill the kobold!
Your Spellcasting skill increases to level 5!
The dart slug launches a dart at you. The slug dart hits you.
You die...

#...(>....##.
#...÷÷.####..
#...####.(...
#...#.......<
#...####.....
#..(...####..
#.........##. #####
#............
#.@)####..#######..
#(#.w..#.## ###
##.###÷÷..### #####
#..Kg..#....# #...#
##..w#######.#
#.#.###...## ...
#.#K##...## ###
#K#.##..##
#.#.##..#


You could see a dart slug.

Vanquished Creatures
  3 bats (D:1)
  3 hobgoblins (D:1)
  4 kobolds (D:1)
  A rat (D:1)
11 creatures vanquished.

Notes
Turn   | Place    | Note
-------+----------+-------------------------------------------
     0 | D:1      | mathosse the Deep Elf Wizard began the quest for the Orb.
     0 | D:1      | Reached XP level 1. HP: 10/10 MP: 7/7
   175 | D:1      | Reached XP level 2. HP: 15/15 MP: 0/9
   303 | D:1      | Gained mutation: You are resistant to hostile enchantments.
                  | (MR+) [potion of mutation]
   303 | D:1      | Gained mutation: You are clumsy. (Dex -2) [potion of
                  | mutation]
   303 | D:1      | Lost mutation: You are clumsy. (Dex -2) [potion of
                  | mutation]
   303 | D:1      | Gained mutation: Your muscles are strong. (Str +2) [potion
                  | of mutation]
   306 | D:1      | Reached skill level 5 in Spellcasting
   306 | D:1      | Killed from afar by a dart slug

Skill      XL: |  1  2 |
---------------+-------+-----
Spellcasting   | 5 |  5.0
Dodging        | |  2.6
Stealth        | |  2.6
Conjurations   | |  1.3
Summonings     | |  1.1
Translocations | |  1.1

Action                   || total
-------------------------++-------
Melee: Dagger            ||    19
 Cast: Magic Dart        ||    24
  Use: Potion            ||     2
Armor: Robe              ||     6
Dodge: Dodged            ||    19
